 Dungeon Crawl Stone Soup version 0.17.0-56-gd8de76c (webtiles) character file.

1418 JokEr the Grappler (level 8, 0/62 (63) HPs)
             Began as a Ghoul Monk on Dec 7, 2015.
             Was an Initiate of Ru.
             Slain by Prince Ribbit (15 damage)
             ... on level 5 of the Dungeon.
             The game lasted 00:14:50 (5413 turns).

JokEr the Grappler (Ghoul Monk)                     Turns: 5413, Time: 00:14:50

HP:   0/62 (63)     AC: 10    Str: 17    XL:     8   Next: 71%
MP:   7/7           EV:  5    Int:  5    God:    Ru [......]
Gold: 294           SH:  0    Dex: 11    Spells: 0 memorised, 7 levels left

rFire  . . .     SeeInvis .       - Unarmed
rCold  + . .     Clarity  .     h - +0 plate armour
rNeg   + + +     SustAt   .     (no shield)
rPois  ∞         Gourm    .     (no helmet)
rElec  .         Spirit   .     (no cloak)
rCorr  .         Warding  .     (no gloves)
rMut   .         Stasis   .     (no boots)
MR     .....                    (no amulet)
Stlth  ..........               (no ring)
                                d - ring of flight

@: rotting, not resistant to hostile enchantments, extremely unstealthy
A: rotting body, claws 1, carnivore 3, cold resistance 1, negative energy
resistance 3, slow regeneration 1, torment resistance, unbreathing
a: Sacrifice Stealth, Sacrifice Drink, Sacrifice Resistance, Reject Sacrifices,
Renounce Religion, Evoke Flight


You were on level 5 of the Dungeon.
You worshipped Ru.
Ru was noncommittal.
You were very hungry.

You visited 1 branch of the dungeon, and saw 5 of its levels.

You collected 294 gold pieces.

Inventory:

Armour
 a - a +0 robe
 h - a +0 plate armour (worn)
Jewellery
 d - a ring of flight (left claw)
 m - an uncursed ring of positive energy {unknown}
 s - an uncursed amulet of guardian spirit {unknown}
Wands
 g - a wand of flame (35)
Scrolls
 e - 4 scrolls of teleportation
 k - a scroll of immolation
 n - a scroll of fear {unknown}
 p - a scroll of amnesia {unknown}
 q - a scroll of magic mapping
 t - a scroll of fog {unknown}
Potions
 c - 2 potions of curing {unknown}
 i - a potion of cure mutation {unknown}
 l - a potion of mutation {unknown}
 o - a potion of heal wounds
 r - a potion of agility {unknown}
Comestibles
 b - 4 meat rations
 f - a royal jelly
 j - 2 beef jerkies


   Skills:
 - Level 3.2 Fighting
 - Level 2.6 Dodging
 - Level 2.1 Stealth
 + Level 12.0 Unarmed Combat


You had 7 spell levels left.
You didn't know any spells.

Dungeon Overview and Level Annotations

Branches:
Dungeon (5/15)             Temple (0/1) D:4

Altars:
Dithmenos
Elyvilon
Gozag
Okawaru
Qazlal
Ru
Zin
The Shining One

Annotations:
D:5 Prince Ribbit


Innate Abilities, Weirdness & Mutations

Your body is rotting away.
You thrive on raw meat.
You are immune to poison.
You have sharp fingernails.
You are carnivorous and can eat meat at any time.
Your flesh is cold resistant.
You are immune to negative energy.
You regenerate slowly when monsters are visible.
You are immune to unholy pain and torment.
You can survive without breathing.


Message History

Prince Ribbit blinks!
Things that are here:
a giant club; an ogre corpse Prince Ribbit blinks!
Prince Ribbit blinks!
You closely miss Prince Ribbit.
Prince Ribbit is moderately wounded.
Prince Ribbit hits you! x2
* * * LOW HITPOINT WARNING * * *
You are too injured to fight recklessly!
You are too injured to fight recklessly!
You are too injured to fight recklessly!
You are too injured to fight recklessly!
You are too injured to fight recklessly!
You are too injured to fight recklessly!
You are too injured to fight recklessly!
You closely miss Prince Ribbit.
Prince Ribbit is moderately wounded.
Prince Ribbit hits you!
You die...

#......# #......#
#......# #......#
#......# # #......# #
#=.....# ########
#.....)########.......
#....@................
#.....F...............
#.....................
#......<..............
###.###........#######
... #........#......
#### #........#......
##.......#......
##..<...#.....#


You could see Prince Ribbit.

Vanquished Creatures
  Eustachio (D:4)
  Menkaure (D:4)
  Duvessa (D:5)
  3 ogres
  A centaur (D:5)
  A big kobold (D:4)
  Blork the orc (D:4)
  Dowan (D:5)
  A water moccasin skeleton (D:4)
  A scorpion (D:5)
  An orc priest (D:3)
  An iguana (D:5)
  A worker ant (D:5)
  5 orc wizards
  3 gnolls (D:2)
  7 adders
  2 oozes
  An adder zombie (D:4)
  3 worms
  A giant gecko (D:5)
  12 orcs
  12 bats
  2 giant cockroaches (D:2)
  A goblin (D:2)
  7 hobgoblins
  3 giant newts
  4 jackals (D:1)
  28 kobolds
  A quokka (D:3)
  A quokka skeleton (D:5)
  5 rats
113 creatures vanquished.

Notes
Turn   | Place    | Note
--------------------------------------------------------------
     0 | D:1      | JokEr the Ghoul Monk began the quest for the Orb.
     0 | D:1      | Reached XP level 1. HP: 19/19 MP: 0/0
     6 | D:1      | Noticed a worker ant
     6 | D:1      | Noticed a giant leech
     6 | D:1      | Noticed a komodo dragon
     7 | D:1      | Noticed a fire giant
   125 | D:1      | Found a glowing golden altar of the Shining One.
   406 | D:1      | Reached XP level 2. HP: 26/26 MP: 1/1
   734 | D:1      | Reached skill level 5 in Unarmed Combat
  1213 | D:2      | Reached XP level 3. HP: 31/31 MP: 2/2
  1774 | D:2      | Reached skill level 6 in Unarmed Combat
  1774 | D:2      | Reached XP level 4. HP: 38/38 MP: 3/3
  2289 | D:3      | Reached XP level 5. HP: 43/43 MP: 4/4
  2400 | D:3      | Found an opulent altar of Gozag.
  2552 | D:3      | Reached skill level 7 in Unarmed Combat
  2926 | D:4      | Reached XP level 6. HP: 34/48 MP: 5/5
  3244 | D:4      | Found a staircase to the Ecumenical Temple.
  3254 | D:4      | Noticed Menkaure
  3268 | D:4      | Killed Menkaure
  3268 | D:4      | Reached skill level 8 in Unarmed Combat
  3626 | D:4      | Reached XP level 7. HP: 54/56 MP: 6/6
  3644 | D:4      | Noticed Blork the orc
  3659 | D:4      | Killed Blork the orc
  3659 | D:4      | Reached skill level 9 in Unarmed Combat
  3818 | D:4      | Noticed Eustachio
  3876 | D:4      | Killed Eustachio
  4065 | D:4      | Found a glowing golden altar of the Shining One.
  4066 | D:4      | Found a glowing silver altar of Zin.
  4067 | D:4      | Found a white marble altar of Elyvilon.
  4080 | D:4      | Noticed an ogre
  4090 | D:4      | Killed an ogre
  4090 | D:4      | Reached skill level 10 in Unarmed Combat
  4342 | D:4      | Reached XP level 8. HP: 62/62 MP: 7/7
  4555 | D:4      | Noticed an ogre
  4562 | D:4      | Killed an ogre
  4899 | D:5      | Entered Level 5 of the Dungeon
  4900 | D:5      | Found a sacrificial altar of Ru.
  4915 | D:5      | Became a worshipper of Ru the Awakened
  4924 | D:5      | Found a stormy altar of Qazlal.
  4941 | D:5      | Found an iron altar of Okawaru.
  4954 | D:5      | Found a shadowy altar of Dithmenos.
  5018 | D:5      | Noticed Dowan
  5020 | D:5      | Noticed Duvessa
  5038 | D:5      | Killed Duvessa
  5038 | D:5      | Reached skill level 11 in Unarmed Combat
  5044 | D:5      | Killed Dowan
  5397 | D:5      | Noticed Prince Ribbit
  5404 | D:5      | Reached skill level 12 in Unarmed Combat
  5413 | D:5      | Slain by Prince Ribbit

Action                   |  1- 3 |  4- 6 |  7- 9 || total
-------------------------+-------+-------+-------++-------
Melee: Unarmed           |    92 |   176 |   164 ||   432
  Use: Scroll            |     3 |     1 |     2 ||     6
 Stab: Sleeping          |     4 |       |       ||     4
  Eat: Chunk             |    18 |    18 |     2 ||    38
